 Dungeon Crawl Stone Soup version 0.30-a0-862-g1aabd4f9c5 (webtiles) character file.

Game seed: 1821713415428055546

260095 Morbidden the Peltast (level 19, -19/146 HPs)
             Began as a Barachi Fighter on Jan 16, 2023.
             Was the Champion of Cheibriados.
             Demolished by a vault warden
             ... wielding a +3 vampiric broad axe
              (24 damage)
             ... on level 2 of the Vaults on Mar 9, 2023.
             The game lasted 01:18:18 (40657 turns).

Morbidden the Peltast (Barachi Fighter)            Turns: 40657, Time: 01:18:19

Health: -19/146    AC: 30    Str: 43    XL:     19   Next: 92%
Magic:  32/32      EV: 19    Int: 37    God:    Cheibriados [******]
Gold:   1171       SH: 32    Dex: 38    Spells: 17/36 levels left

rFire   + + +      SeeInvis .    S - +5 broad axe (elec)
rCold   . . .      Faith    .    c - +2 tower shield
rNeg    + . .      Spirit   .    C - +1 plate armour {rF+}
rPois   .          Reflect  +    p - +0 hat of Uskayaw's Esteem {+Inv Int+7 Stlth-}
rElec   .          Rampage  .    K - +2 cloak {rF+}
rCorr   .                        Z - +4 pair of gloves of the Haunted God {rC- rN+ Dex+6 Slay+3}
Will    +....                    I - +2 pair of boots {Stlth+} Stlth
                                 R - amulet of Lomoix Nesa {Reflect rC+ Str+2 SH+5}
HPRegen 0.44/turn                P - ring "Kobumush" {rF+ Dex+6}
MPRegen 0.23/turn                J - +6 ring of strength

@: marked, very slow
A: amphibious, slowness 1, strong legs 2, +LOS
}: 2/15 runes: barnacled, gossamer
a: Hop, Renounce Religion, Evoke Invisibility, Bend Time, Temporal Distortion,
Slouch, Step From Time


You were on level 2 of the Vaults.
You worshipped Cheibriados.
Cheibriados was exalted by your worship.
You visited 7 branches of the dungeon, and saw 33 of its levels.
You also visited: Sewer and Volcano.

You collected 4193 gold pieces.
You spent 3022 gold pieces at shops.

Inventory:

Hand Weapons
 a - the +9 flail of the Original Sin {venom, rElec rC+++ Dex+9 Stlth-}
   (You found it on level 2 of the Lair of Beasts)

   Dex:       It affects your dexterity (+9).
   rC:        It renders you almost immune to cold.
   rElec:     It insulates you from electricity.
   Stlth:     It makes you less stealthy.
 b - the +8 lance "Wyrmbane" {slay drac, rPois rF+ rC+ AC+3}
   (You bought it in a shop on level 2 of the Orcish Mines)

   AC:        It affects your AC (+3).
   rF:        It protects you from fire.
   rC:        It protects you from cold.
   rPois:     It protects you from poison.
 S - a +5 broad axe of electrocution (weapon)
Missiles
 i - 21 poisoned darts
 D - 6 curare-tipped darts
 G - 6 javelins
 M - 46 boomerangs (quivered)
 W - 4 throwing nets
 Y - 8 silver javelins
Armour
 c - a +2 tower shield (worn)
 p - the +0 hat of Uskayaw's Esteem (worn) {+Inv Int+7 Stlth-}
   (You acquired it on level 1 of the Lair of Beasts)

   Int:       It affects your intelligence (+7).
   +Inv:      It lets you turn invisible.
   Stlth:     It makes you less stealthy.
 C - a +1 plate armour of fire resistance (worn)
 I - a +2 pair of boots of stealth (worn)
 K - a +2 cloak of fire resistance (worn)
 L - a scarf of resistance
 Z - the +4 pair of gloves of the Haunted God (worn) {rC- rN+ Dex+6 Slay+3}
   (You found it on level 10 of the Dungeon)

   Dex:       It affects your dexterity (+6).
   Slay:      It affects your accuracy & damage with ranged weapons and melee
   (+3).
   rC:        It makes you vulnerable to cold.
   rN:        It protects you from negative energy.
Jewellery
 v - a ring of magical power
 J - a +6 ring of strength (right hand)
 P - the ring "Kobumush" (left hand) {rF+ Dex+6}
   (You found it on level 3 of the Dungeon)

   [ring of dexterity]

   Dex:       It affects your dexterity (+6).
   rF:        It protects you from fire.
 R - the amulet of Lomoix Nesa (around neck) {Reflect rC+ Str+2 SH+5}
   (You bought it in a shop on level 2 of the Orcish Mines)

   [amulet of reflection]

   It reflects blocked missile attacks.
   Str:       It affects your strength (+2).
   rC:        It protects you from cold.
   SH:        It affects your SH (+5).
 U - a ring of ice
Wands
 g - a wand of paralysis (28)
 o - a wand of flame (29)
 z - a wand of digging (10)
 N - a wand of mindburst (30)
 Q - a wand of roots (4)
 V - a wand of polymorph (13)
 X - a wand of quicksilver (15)
Scrolls
 f - 4 scrolls of magic mapping
 h - a scroll of summoning
 n - 8 scrolls of enchant armour
 u - 2 scrolls of fear
 w - 20 scrolls of identify
 x - 2 scrolls of immolation
 y - a scroll of poison
 A - 4 scrolls of fog
 B - 12 scrolls of teleportation
 H - a scroll of enchant weapon
 O - 2 scrolls of amnesia
 T - a scroll of blinking
Potions
 d - 12 potions of might
 e - 15 potions of curing
 j - 3 potions of resistance
 k - 4 potions of cancellation
 l - 6 potions of heal wounds
 m - 7 potions of ambrosia
 q - 6 potions of mutation
 r - 4 potions of flight
 s - 2 potions of berserk rage
 t - 6 potions of brilliance
 E - 3 potions of invisibility
 F - 3 potions of magic


   Skills:
 * Level 12.2 Fighting
 * Level 13.1(16.0) Axes
 + Level 14.0(16.1) Maces & Flails
 * Level 5.2(9.4) Polearms
 + Level 3.3 Throwing
 * Level 13.6 Armour
 * Level 9.7 Dodging
 + Level 1.5 Stealth
 * Level 15.0 Shields
 + Level 2.1 Unarmed Combat
 * Level 9.0 Spellcasting
 * Level 10.1 Conjurations
 * Level 9.9 Translocations
 * Level 9.4 Fire Magic
 * Level 5.4 Air Magic
 * Level 6.8 Earth Magic
 * Level 7.8 Invocations
 * Level 8.2 Evocations


You had 17 spell levels left.
You knew the following spells:

 Your Spells              Type           Power      Damage    Failure   Level
a - Sticky Flame          Conj/Fire      73%        2d9       5%          4
b - Iron Shot             Conj/Erth      34%        9d7       82%         6
c - Arcjolt               Conj/Air       32%        1d42      34%         5
z - Iskenderun's Mystic   Conj/Tloc      74%        2d15      4%          4

Your spell library contained the following spells:

 Spells                   Type           Power      Damage    Failure   Level
 Static Discharge         Conj/Air       100%       2-7/arc   1%          2
 Gell's Gravitas          Tloc           74%        N/A       1%          3
 Teleport Other           Tloc           74%        N/A       1%          3
 Kindle Blastsparks       Fire/Tloc/Air  100%       2d18      3%          3
 Vhi's Electric Charge    Tloc/Air       100%       N/A       4%          3
 Flame Wave               Conj/Fire      73%        2d16      5%          4
 Passage of Golubria      Tloc           74%        N/A       5%          4
 Mephitic Cloud           Conj/Pois/Air  53%        N/A       11%         3
 Hailstorm                Conj/Ice       53%        3d12      12%         3
 Portal Projectile        Hex/Tloc       100%       N/A       12%         3
 Inner Flame              Hex/Fire       51%        N/A       14%         3
 Poisonous Vapours        Pois/Air       72%        N/A       16%         2
 Cigotuvi's Dreadful Rot  Necr/Pois/Air  60%        N/A       22%         2
 Beastly Appendage        Tmut           32%        N/A       30%         1
 Freeze                   Ice            64%        1d7       30%         1
 Sting                    Tmut/Pois      64%        1d6       30%         1
 Lightning Bolt           Conj/Air       32%        1d50      34%         5
 Fulminant Prism          Conj/Hex       26%        3d14      36%         4
 Wereblood                Tmut           16%        N/A       43%         2
 Lee's Rapid Deconstruct  Erth           30%        3d16*     47%         5
 Animate Armour           Summ/Erth      82%        N/A       61%         4
 Leda's Liquefaction      Hex/Erth       20%        N/A       61%         4
 Petrify                  Tmut/Erth      41%        N/A       61%         4
 Dispersal                Tloc           37%        N/A       63%         6
 Call Canine Familiar     Summ           16%        N/A       67%         3
 Frozen Ramparts          Ice            32%        1d5       67%         3
 Ozocubu's Armour         Ice            16%        N/A       67%         3
 Spider Form              Tmut/Pois      16%        N/A       67%         3
 Summon Guardian Golem    Hex/Summ       16%        N/A       67%         3
 Tukima's Dance           Hex            16%        N/A       67%         3
 Summon Forest            Summ/Tloc      26%        N/A       75%         5
 Dispel Undead            Necr           16%        3d10      97%         4
 Ice Form                 Ice/Tmut       16%        N/A       97%         4
 Olgreb's Toxic Radiance  Pois           16%        N/A       97%         4
 Summon Ice Beast         Ice/Summ       16%        N/A       97%         4
 Orb of Destruction       Conj           37%        9d11      99%         7
 Blade Hands              Tmut           8%         N/A       100%        5
 Metabolic Englaciation   Hex/Ice        8%         N/A       100%        5
 Yara's Violent Unravell  Hex/Tmut       8%         3d5       100%        5
 Death Channel            Necr           8%         N/A       100%        6
 Eringya's Noxious Bog    Tmut/Pois      8%         N/A       100%        6
 Simulacrum               Ice/Necr       8%         N/A       100%        6
 Statue Form              Tmut/Erth      27%        N/A       100%        6
 Ozocubu's Refrigeration  Ice            8%         4d9       100%        7
 Spellforged Servitor     Conj/Summ      26%        N/A       100%        7
 Summon Hydra             Summ           8%         N/A       100%        7
 Borgnjor's Revivificati  Necr           8%         N/A       100%        8
 Ignition                 Fire           36%        3d11      100%        8
 Necromutation            Tmut/Necr      8%         N/A       100%        8
 Death's Door             Necr           8%         N/A       100%        9


Dungeon Overview and Level Annotations

Branches:
Dungeon (15/15)            Temple (1/1) D:6            Lair (5/5) D:10
 Shoals (4/4) Lair:3       Spider (4/4) Lair:3        Slime (0/5) Lair:5
    Orc (2/2) D:10            Elf (0/3) Orc:2        Vaults (2/5) D:13
  Crypt (0/3) Vaults:2     Depths (0/4) D:15          Sewer (visited)
Volcano (visited)

Altars:
Cheibriados
Dithmenos
Elyvilon
Fedhas
Gozag
Kikubaaqudgha
Nemelex Xobeh
Okawaru
Ru
Trog
Uskayaw
Vehumet
Wu Jian
Xom
Yredelemnul
Zin
Lugonu

Shops:
D:6 *   D:7 ?   Orc:2 !([*=   Shoals:3 (

Portals:
Abyss: Shoals:1
Trove: D:12 (give +5 demon blade)

Annotations:
D:3 3 runed translucent doors, WienerDreamer's ghost, amateur DsGl
D:6 1 runed translucent door, M4edhros's ghost, novice OpAr
D:13 2 transporters, Ruduteto's ghost, journeyman FoFi
Lair:3 exclusion: oklob plant
Spider:4 1 runed translucent door, Ignak's ghost, adept OgHW


Innate Abilities, Weirdness & Mutations

You are amphibious.
You cover ground slowly.
You can hop long distances.
You have an extended range of vision and can be seen from far away.


Message History

The vault sentinel gestures at you while chanting.
A sentinel's mark forms upon you.
The ironbound preserver hits you with a +0 dire flail.
You block the vault warden's attack.
You block the ironbound convoker's attack.
Unknown command.
You slice the vault sentinel!!
You kill the vault sentinel!
Cheibriados thoroughly appreciates the change of pace.
You hit the vault warden. You slash the ironbound convoker!
You slice the ironbound preserver!!
The runic seal fades away.
You block the ironbound convoker's attack.
You block the vault warden's attack.
The ironbound preserver gestures wildly while chanting.
The ironbound preserver begins to accept its allies' injuries.
Unknown command.
You slash the ironbound convoker!
You kill the ironbound convoker!
Cheibriados appreciates the change of pace.
You slice the ironbound preserver!!
You kill the ironbound preserver!
Cheibriados appreciates the change of pace.
You barely miss the vault warden. You block the vault warden's attack.
Your Shields skill increases to level 15!
You slash the vault warden!
The vault warden is almost dead.
The vault warden activates a sealing rune.
Unknown command.
You closely miss the vault warden.
The vault warden is severely wounded.
The runic seal fades away.
The vault warden hits you with a +3 vampiric broad axe!!!
* * * LOW HITPOINT WARNING * * *
You hit the vault warden.
The vault warden is almost dead.
You block the vault warden's attack.
You closely miss the vault warden.
The vault warden is almost dead.
The vault warden hits you with a +3 vampiric broad axe!!
You die...

############# #.....
#..... #..... #.....
#..... #.....
##################.....
#.....p).........#.....
#.<.@)...##.#..+.....
#.[..##)...##....#.....
#....##...#......#.....
#.. .............#.....
## ########+#####.....
..... ###### .p.?< ..#
#...... .# #..p... #


You could see a vault warden (strong).

Vanquished Creatures
  Rupert (D:12)
  Frances (D:12)
  Polyphemus (Shoals:3)
  2 krakens
  Gastronok (Lair:1)
  A sphinx (Vaults:1)
  Kirke (D:14)
  5 emperor scorpions
  A ghost moth (Spider:4)
  5 vault wardens
  An orc warlord (Orc:2)
  11 ironbound preservers
  2 broodmothers
  2 ironbound thunderhulks (Vaults:2)
  A spark wasp (Spider:1)
  4 dire elephants (Vaults:2)
  A fire dragon (D:15)
  10 merfolk impalers
  A merfolk javelineer (Shoals:4)
  A yaktaur captain (Vaults:2)
  A great orb of eyes (Vaults:1)
  An ice dragon (D:15)
  4 entropy weavers
  Fannar (D:12)
  6 vault guards
  4 radroaches
  4 merfolk avatars
  3 jorogumos
  Erica (Lair:2)
  A death knight (D:12)
  7 hydras
  6 two-headed ogres
  6 centaur warriors
  2 ironbound frosthearts
  11 boulder beetles
  5 merfolk aquamancers
  2 catoblepae
  6 satyrs
  13 death yaks
  A deep troll shaman (Lair:5)
  A deep troll earth mage (Vaults:2)
  Urug (Lair:1)
  Nergalle (Lair:1)
  4 orc high priests
  5 skeletal warriors
  2 sun moths
  11 sea snakes
  35 deep trolls
  7 pharaoh ants
  7 orb spiders
  6 wizards
  4 ironbound convokers
  2 lindwurms
  9 steelbarb worms
  Pikel (D:7)
  2 necromancers (Vaults:2)
  A phantasmal warrior (Vaults:2)
  3 deep elf pyromancers
  20 harpies
  5 orc knights
  16 wolf spiders
  23 fauns
  4 cyclopes
  8 manticores
  11 ugly things
  5 orc sorcerers (Orc:2)
  A salamander (Volcano)
  2 sphinx skeletons (Vaults:2)
  A worldbinder (Shoals:1)
  A human skeleton (Vaults:2)
  6 vault sentinels
  2 moths of wrath
  8 merfolk sirens
  An eye of devastation (shapeshifter) (D:10)
  A guardian serpent (D:11)
  Maurice (D:9)
  12 elephants (Lair:5)
  2 apocalypse crabs (Shoals:1)
  4 black mambas
  2 gargoyles
  6 water nymphs
  5 torpor snails
  11 demonic crawlers
  12 cane toads
  3 yaktaurs (Vaults:2)
  5 unseen horrors
  12 komodo dragons
  3 rime drakes
  2 freezing wraiths
  An efreet (D:15)
  A tengu conjurer (D:13)
  A yaktaur skeleton (Vaults:2)
  2 polar bears (Lair:5)
  14 meliai
  42 merfolk
  10 wind drakes
  3 trolls
  2 hornets (Spider:4)
  15 tarantellas
  A snapping turtle (shapeshifter) (D:14)
  3 blink frogs (Lair:3)
  9 dream sheep
  15 snapping turtles
  A large abomination (Shoals:1)
  21 jumping spiders
  A jumping spider (shapeshifter) (D:10)
  A stone giant simulacrum (Vaults:2)
  34 slime creatures
  11 water elementals
  12 culicivoras
  5 wyverns
  A centaur simulacrum (D:15)
  3 shadows
  A hog (D:14)
  A fire bat (shapeshifter) (D:9)
  8 basilisks
  Eustachio (D:6)
  2 steam dragons
  34 yaks
  A fire bat (Volcano)
  25 redbacks
  9 vampire mosquitoes
  4 wargs
  4 merfolk zombies (Shoals:1)
  16 water moccasins
  2 acid dragons
  6 hell hounds
  3 black bears
  An ice beast (D:8)
  40 orc warriors
  10 ogres
  5 boggarts (Vaults:1)
  10 wolves
  12 centaurs
  2 lemures (D:7)
  Blork the orc (D:4)
  5 kobold brigands
  12 bullfrogs
  3 scorpions
  2 necrophages
  12 wights
  A howler monkey (D:5)
  A crimson imp (D:12)
  A hound (D:5)
  6 gnoll boudas
  21 orc priests
  Crazy Yiuf (D:6)
  7 iguanas
  3 jellies
  4 hell rats (Lair:4)
  33 orc wizards
  11 gnolls
  A river rat (Sewer)
  7 adders
  2 shadow imps
  A white imp (D:6)
  An ufetubus (D:7)
  9 worms
  4 dart slugs
  110 orcs
  6 ball pythons
  9 endoplasms
  A giant cockroach (D:4)
  5 goblins
  11 hobgoblins
  4 jackals (D:3)
  15 kobolds
  3 quokkas
  4 bats
  A frilled lizard (D:2)
  4 rats
  A butterfly (Lair:5)
  7 tentacles
1171 creatures vanquished.

Vanquished Creatures (others)
  A wizard (D:14)
  An orb spider (Spider:4)
  4 humans (D:14)
  2 centaurs (Volcano)
  An orc wizard (D:12)
  A bush (Lair:1)
  19 fungi
  223 plants
  12 tentacles
264 creatures vanquished.

Grand Total: 1435 creatures vanquished

Notes
Turn   | Place    | Note
-------+----------+-------------------------------------------
     0 | D:1      | Morbidden the Barachi Fighter began the quest for the Orb.
     0 | D:1      | Reached XP level 1. HP: 18/18 MP: 1/1
   120 | D:1      | Reached XP level 2. HP: 18/25 MP: 2/2
   569 | D:2      | Reached XP level 3. HP: 25/30 MP: 3/3
   612 | D:2      | Found a faded altar of an unknown god.
  1549 | D:3      | Reached skill level 1 in Dodging
  1549 | D:3      | Reached XP level 4. HP: 35/37 MP: 4/4
  1773 | D:3      | Identified the ring "Kobumush" {rF+ Dex+6}
  1855 | D:3      | Noticed WienerDreamer's ghost (amateur DsGl)
  1856 | D:3      | Found a runed translucent gate.
  1856 | D:3      | Found a runed translucent gate.
  1857 | D:3      | Found a runed translucent gate.
  1925 | D:3      | Identified the +9 short sword of Severance {flame, rElec}
  2208 | D:4      | Found a sparkling altar of Nemelex Xobeh.
  2208 | D:4      | Noticed a necrophage
  2220 | D:4      | Killed a necrophage
  2221 | D:4      | Reached skill level 1 in Axes
  2221 | D:4      | Reached skill level 1 in Spellcasting
  2221 | D:4      | Reached XP level 5. HP: 29/42 MP: 4/6
  2242 | D:4      | Noticed Blork the orc
  2255 | D:4      | Killed Blork the orc
  2256 | D:4      | Reached skill level 4 in Shields
  2256 | D:4      | Reached XP level 6. HP: 23/49 MP: 7/7
  2337 | D:4      | Found a glowing drain.
  2347 | Sewer    | Entered a sewer
  2826 | Sewer    | Reached skill level 5 in Armour
  2826 | Sewer    | Reached XP level 7. HP: 53/55 MP: 9/9
  3279 | D:4      | Learned a level 4 spell: Sticky Flame
  3364 | D:4      | Reached skill level 5 in Axes
  3484 | D:5      | Entered Level 5 of the Dungeon
  3672 | D:5      | Reached skill level 1 in Stealth
  3716 | D:5      | Reached skill level 1 in Fire Magic
  3716 | D:5      | Reached XP level 8. HP: 57/61 MP: 11/11
  3778 | D:5      | Reached skill level 5 in Fighting
  4425 | D:5      | Identified the -1 helmet of Urujat {rElec Str-4 Int+4}
  4526 | D:5      | Found a white marble altar of Elyvilon.
  4700 | D:6      | Noticed Eustachio
  4721 | D:6      | Killed Eustachio
  4865 | D:6      | Reached skill level 1 in Conjurations
  5537 | D:6      | Found Zin's Purification Station.
  5541 | D:6      | Found a glowing silver altar of Zin.
  5541 | D:6      | Found a staircase to the Ecumenical Temple.
  5550 | Temple   | Entered the Ecumenical Temple
  5555 | Temple   | Became a worshipper of Cheibriados the Contemplative
  5623 | D:6      | Found a runed translucent door.
  5626 | D:6      | Noticed M4edhros's ghost (novice OpAr)
  5637 | D:6      | Reached XP level 9. HP: 67/69 MP: 11/13
  5816 | D:6      | Found a runed translucent door.
  5817 | D:6      | Noticed Crazy Yiuf
  6165 | D:6      | Killed Crazy Yiuf
  6456 | D:7      | Learned a level 4 spell: Iskenderun's Mystic Blast
  6557 | D:7      | Found The Oracle's Delphic Readings.
  6562 | D:7      | Bought a scroll of teleportation for 36 gold pieces
  6576 | D:7      | Reached skill level 5 in Shields
  6765 | D:7      | Reached * piety under Cheibriados
  7055 | D:7      | Noticed Pikel
  7078 | D:7      | Killed Pikel
  7431 | D:7      | Found an iron altar of Okawaru.
  7440 | D:7      | Reached skill level 1 in Translocations
  7484 | D:7      | Found a sacrificial altar of Ru.
  7532 | D:8      | Reached skill level 1 in Unarmed Combat
  7670 | D:8      | Reached skill level 1 in Invocations
  7672 | D:8      | Found an ornate altar of the Wu Jian Council.
  8167 | D:8      | Reached XP level 10. HP: 76/76 MP: 14/14
  8591 | D:9      | Reached ** piety under Cheibriados
  8957 | D:9      | Found an ancient bone altar of Kikubaaqudgha.
  8962 | D:9      | Reached skill level 5 in Maces & Flails
  9153 | D:9      | Noticed a two-headed ogre
  9163 | D:9      | Killed a two-headed ogre
  9335 | D:9      | Noticed Maurice
  9355 | D:9      | Killed Maurice
  9538 | D:9      | Reached skill level 1 in Throwing
  9928 | D:9      | Found a radiant altar of Vehumet.
  9944 | D:10     | Entered Level 10 of the Dungeon
  9944 | D:10     | Found a staircase to the Lair.
 10122 | D:10     | Reached skill level 6 in Shields
 10180 | D:10     | Reached *** piety under Cheibriados
 10187 | D:10     | Found a staircase to the Orcish Mines.
 10246 | D:10     | Reached XP level 11. HP: 76/83 MP: 16/16
 10246 | D:10     | Identified the +4 pair of gloves of the Haunted God {rC-
                  | rN+ Dex+6 Slay+3}
 10677 | D:10     | Noticed a two-headed ogre
 10688 | D:10     | Killed a two-headed ogre
 10942 | D:10     | Reached **** piety under Cheibriados
 11066 | D:10     | Found a blossoming altar of Fedhas.
 11095 | D:10     | Found a shadowy altar of Dithmenos.
 11427 | Lair:1   | Entered Level 1 of the Lair of Beasts
 11433 | Lair:1   | Identified a scroll of acquirement
 11433 | Lair:1   | Acquired the +0 hat of Uskayaw's Esteem {+Inv Int+7 Stlth-}
 11489 | Lair:1   | Noticed Urug
 11494 | Lair:1   | Noticed Nergalle
 11502 | Lair:1   | Noticed a spectral orc warlord
 11506 | Lair:1   | Killed Urug
 11507 | Lair:1   | Reached skill level 5 in Fire Magic
 11516 | Lair:1   | Killed Nergalle
 11669 | Lair:1   | Reached skill level 7 in Shields
 11892 | Lair:1   | Noticed Gastronok
 11915 | Lair:1   | Killed Gastronok
 11916 | Lair:1   | Reached skill level 5 in Dodging
 11916 | Lair:1   | Reached XP level 12. HP: 41/91 MP: 18/18
 12044 | Lair:1   | Reached ***** piety under Cheibriados
 12394 | Lair:1   | Reached skill level 1 in Evocations
 12820 | Lair:2   | Noticed a four-headed hydra
 12829 | Lair:2   | Killed a four-headed hydra
 12862 | Lair:2   | Noticed a four-headed hydra
 12874 | Lair:2   | Killed a four-headed hydra
 12875 | Lair:2   | Reached skill level 5 in Conjurations
 13017 | Lair:2   | Noticed Erica
 13022 | Lair:2   | Killed Erica
 13128 | Lair:2   | Noticed an eight-headed hydra
 13135 | Lair:2   | Killed an eight-headed hydra
 13139 | Lair:2   | Reached skill level 10 in Axes
 13491 | Lair:2   | Identified the +9 flail of the Original Sin {venom, rElec
                  | rC+++ Dex+9 Stlth-}
 13722 | Lair:3   | Found a staircase to the Shoals.
 13989 | Lair:3   | Reached skill level 10 in Maces & Flails
 14108 | Lair:3   | Found a hole to the Spider Nest.
 14190 | Lair:3   | Gained mutation: You can hop long distances. [Barachi
                  | growth]
 14190 | Lair:3   | Reached XP level 13. HP: 98/98 MP: 20/20
 14268 | Lair:3   | Reached skill level 8 in Shields
 14268 | Lair:3   | Reached skill level 5 in Spellcasting
 14696 | Lair:3   | Identified the ring "Xeqeopus" {Will+ Str-4 Int+6 SInv}
 15090 | Lair:4   | Found a dark tunnel.
 15104 | Volcano  | Entered a volcano
 15272 | Volcano  | Reached skill level 5 in Translocations
 15566 | Lair:4   | Reached skill level 10 in Armour
 15674 | Lair:4   | Reached ****** piety under Cheibriados
 16143 | Lair:5   | Entered Level 5 of the Lair of Beasts
 16266 | Lair:5   | Found a staircase to the Slime Pits.
 16413 | Lair:5   | Learned a level 6 spell: Iron Shot
 16530 | Lair:5   | Reached XP level 14. HP: 106/106 MP: 22/22
 16633 | Lair:5   | Reached skill level 1 in Earth Magic
 17418 | Lair:5   | Reached skill level 9 in Shields
 19051 | D:12     | Noticed Frances
 19063 | D:12     | Killed Frances
 19192 | D:12     | Found a portal to a secret trove of treasure.
 19279 | D:12     | Noticed Fannar
 19294 | D:12     | Killed Fannar
 19318 | D:12     | Reached skill level 5 in Invocations
 19345 | D:12     | Noticed Rupert
 19352 | D:12     | Killed Rupert
 20334 | D:13     | Found a gate to the Vaults.
 20343 | D:13     | Reached XP level 15. HP: 78/113 MP: 11/24
 20921 | D:13     | Noticed Ruduteto's ghost (journeyman FoFi)
 20959 | D:13     | Found a transporter.
 21022 | D:13     | Found a transporter.
 21572 | D:14     | Noticed Kirke
 21584 | D:14     | Killed Kirke
 22221 | D:14     | Reached skill level 10 in Fighting
 22438 | D:15     | Entered Level 15 of the Dungeon
 22452 | D:15     | Identified the +8 dagger "Udwagyac" {speed, +Blink rElec
                  | rF- rN+}
 22598 | D:15     | Reached skill level 10 in Shields
 22782 | D:15     | Reached skill level 5 in Evocations
 22978 | D:15     | Found a hide-covered altar of Uskayaw.
 23377 | D:15     | Found a staircase to the Depths.
 23439 | D:15     | Upgraded the game from 0.30-a0-643-g638baaf3f0 to
                  | 0.30-a0-651-g0755cc6dcf
 23646 | Orc:1    | Entered Level 1 of the Orcish Mines
 24069 | Orc:2    | Entered Level 2 of the Orcish Mines
 24211 | Orc:2    | Found Jubadi's Distillery.
 24267 | Orc:2    | Found a staircase to the Elven Halls.
 24440 | Orc:2    | Noticed an orc warlord
 24699 | Orc:2    | Reached XP level 16. HP: 92/121 MP: 20/26
 25030 | Orc:2    | Found Cicer's General Store.
 25031 | Orc:2    | Found Kaomet's Jewellery Boutique.
 25034 | Orc:2    | Found Laan Gif's Antique Armour Boutique.
 25034 | Orc:2    | Found Bicoyddo's Antique Weapon Shop.
 25051 | Orc:2    | Bought the +8 lance "Wyrmbane" {slay drac, rPois rF+ rC+
                  | AC+3} for 2504 gold pieces
 25051 | Orc:2    | Found the +8 lance "Wyrmbane" {slay drac, rPois rF+ rC+
                  | AC+3}
 25323 | Spider:1 | Entered Level 1 of the Spider Nest
 26134 | Spider:1 | Learned a level 5 spell: Arcjolt
 26803 | Orc:2    | Bought the amulet of Lomoix Nesa {Reflect rC+ Str+2 SH+5}
                  | for 482 gold pieces
 26971 | Lair:3   | Reached skill level 11 in Shields
 26976 | Shoals:1 | Entered Level 1 of the Shoals
 27501 | Shoals:1 | Reached skill level 1 in Polearms
 27558 | Shoals:1 | Found a runed translucent door.
 27567 | Shoals:1 | Found a corrupted altar of Lugonu.
 27567 | Shoals:1 | Found a one-way gate to the infinite horrors of the Abyss.
 27727 | Shoals:1 | Reached skill level 1 in Air Magic
 28709 | Shoals:2 | Reached XP level 17. HP: 47/129 MP: 22/28
 28924 | Shoals:2 | Identified the +4 spear of No Interval {flame, rC+}
 29548 | Shoals:2 | Upgraded the game from 0.30-a0-651-g0755cc6dcf to
                  | 0.30-a0-721-ga6a225cb13
 29826 | Shoals:3 | Reached skill level 12 in Shields
 30424 | Shoals:3 | Noticed Polyphemus
 30474 | Shoals:3 | Killed Polyphemus
 30531 | Shoals:3 | Reached skill level 5 in Earth Magic
 30646 | Shoals:3 | Noticed a kraken
 30647 | Shoals:3 | Found Yxah's Weapon Boutique.
 30671 | Shoals:3 | Killed a kraken
 31152 | Shoals:4 | Entered Level 4 of the Shoals
 31293 | Shoals:4 | Identified the +9 short sword "Munuwn" {holy, rF+}
 31962 | Shoals:4 | Reached skill level 13 in Shields
 32043 | Shoals:4 | Reached XP level 18. HP: 23/138 MP: 29/29
 32245 | Shoals:4 | Got a barnacled rune of Zot
 33578 | Spider:2 | Paralysed by a jorogumo for 3 turns
 35016 | Spider:4 | Entered Level 4 of the Spider Nest
 35131 | Spider:3 | Upgraded the game from 0.30-a0-721-ga6a225cb13 to
                  | 0.30-a0-862-g1aabd4f9c5
 35706 | Spider:4 | Identified the +0 sling "Hydraslayer" {heavy, *Slow rF++
                  | rC+ rN+}
 37017 | Spider:4 | Got a gossamer rune of Zot
 37255 | Spider:4 | Reached skill level 14 in Shields
 37476 | Spider:4 | Found a runed translucent door.
 37476 | Spider:4 | Found a shimmering altar of Xom.
 37476 | Spider:4 | Noticed Ignak's ghost (adept OgHW)
 37854 | Vaults:1 | Entered Level 1 of the Vaults
 37962 | Vaults:1 | Reached XP level 19. HP: 123/145 MP: 31/31
 38060 | Vaults:1 | Reached skill level 5 in Air Magic
 39486 | Vaults:2 | Identified the +7 broad axe of Megalomania {antimagic,
                  | rElec Str-4 Dex+4}
 39643 | Vaults:2 | Reached skill level 10 in Conjurations
 40285 | Vaults:2 | Found a staircase to the Crypt.
 40385 | Vaults:2 | Reached skill level 5 in Polearms
 40654 | Vaults:2 | Reached skill level 15 in Shields
 40655 | Vaults:2 | HP: 5/146 [vault warden/+3 vampiric broad axe (43)]
 40657 | Vaults:2 | Demolished by a vault warden

Illustrated notes

Levels and vault maps discovered:
D:1:      dpeg_arrival_erosion, layout_rooms, minmay_statues_item,
          minmay_misc_feat_rows
D:2:      layout_loops_cross, hellmonk_ecumenical_altar_defaced_shrine
D:3:      layout_basic, biasface_ghost_orc_armoury, kennysheep_path_1,
          kennysheep_nondescript
D:4:      layout_rooms, lemuel_doored_altar, cheibrodos_sewer_entry_drain,
          uniq_blork_the_orc
D:5:      layout_gridville, kennysheep_mini_moat
D:6:      minmay_skewed_foursquare, layout_loops_cross, zin_purify,
          minmay_temple_entry_proselytizer, hellmonk_ghost_happy_afterlife,
          uniq_eustachio, uniq_crazy_yiuf_cottage
D:7:      layout_basic, okawaru_altar_gauntlet_db, nicolae_ru_path_of_blood,
          nicolae_nh_oracle_at_delphi, uniq_pikel
D:8:      layout_loops_corners, mainiacjoe_overflow_24_doors
D:9:      layout_basic, kennysheep_little_box, kiku_gazebo_garden_becter,
          dreamdust_gnoll_shepherd, uniq_maurice
D:10:     layout_roguey [special_room_orc], lemuel_round_altar,
          general_overflow_altar, david_orc_3, nzn_random_ring
D:11:     layout_basic, nrook_guardian_serpent_ordinary
D:12:     kennysheep_seaside_town, layout_loops_ring, enter_trove_6,
          lightli_wizard_tower, uniq_frances, uniq_fannar, uniq_rupert
D:13:     layout_stronghold, lightli_vaults_fourway_checkpoint,
          nzn_ghost_randoct
D:14:     layout_loops_corners, minmay_misc_feat_cross, uniq_kirke
D:15:     grunt_enter_depths_hoard, layout_loops_ring, nicolae_uskayaw_en_pointe
Temple:   nicolae_temple_bog_church
Lair:1:   layout_cave_pods, uniq_gastronok, uniq_urug, uniq_nergalle
Lair:2:   layout_chaotic_city, serial_bayou_pond_d, uniq_erica
Lair:3:   layout_roguey, minmay_shoals_entry_beasts,
          nicolae_spider_entry_orb_guardian, serial_rivers,
          chequers_serial_rivers_room_b, chequers_serial_rivers_micro_e,
          chequers_serial_rivers_small_b, chequers_serial_rivers_large_b,
          chequers_serial_rivers_micro_d, lemuel_fruit_fields
Lair:4:   layout_loops_ring, enter_volcano_3
Lair:5:   grunt_lair_end_beastmaster, layout_gridlike, slime_entry_1,
          nicolae_lair_grove_arrangements, lemuel_fruit_fields
Shoals:1: layout_shoals, nicolae_shoals_abyss_on_the_beach
Shoals:2: layout_shoals
Shoals:3: layout_shoals, serial_shops, nicolae_shop_stone, uniq_polyphemus
Shoals:4: shoals_end_grunt_garden, layout_shoals
Spider:1: layout_spider_delve
Spider:2: layout_cave_pods
Spider:3: layout_spider_delve
Spider:4: hellmonk_spider_rune_bug_friends, ebering_ghost_xom,
          guppyfry_hornet_nest
Orc:1:    layout_diamond_mine, kennysheep_orc_chapel
Orc:2:    st_orc_congregation, layout_caves, serial_shops,
          nicolae_lakefront_shop
Vaults:1: nicolae_vaults_hallways_thing, v_misc_28, vaults_room_large_hall,
          hangedman_vaults_corner, layout_vaults_quadrants
Vaults:2: nicolae_vaults_back_hallway, nicolae_vaults_border_crossing,
          v_misc_28, minmay_crypt_entry_simple_walls, hangedman_vaults_maws,
          v_misc_29, dpeg_vaults_monster_row, vaults_mumra_bighexcomb,
          hangedman_vaults_stretched_pinwheel, hangedman_vaults_slice,
          layout_vaults_ring

Skill      XL: |  1  2  3  4  5  6  7  8  9 10 11 12 13 14 15 16 17 18 19 |
---------------+----------------------------------------------------------+-----
Armour         | 4 5 6 8 9 10 11 12 13 | 13.6
Fighting       | 4 5 6 7 8 9 10 11 12 | 12.2
Dodging        | 1 2 3 4 5 6 7 8 9 |  9.7
Axes           | 1 3 4 5 6 8 9 10 11 12 13 | 13.1
Spellcasting   | 1 2 3 4 5 6 7 8 9 |  9.0
Maces & Flails | 3 4 6 8 10 11 12 13 14 | 14.0
Shields        | 4 5 6 7 8 9 10 11 13 14 15 | 15.0
Stealth        | 1 |  1.5
Fire Magic     | 1 2 3 4 5 6 7 8 9 |  9.4
Conjurations   | 1 2 3 4 5 6 7 8 9 10 | 10.1
Translocations | 1 2 3 4 5 6 7 8 9 |  9.9
Unarmed Combat | 1 2 |  2.1
Invocations    | 1 2 3 4 5 6 7 |  7.8
Throwing       | 1 2 3 |  3.3
Evocations     | 2 3 4 5 6 7 8 |  8.2
Earth Magic    | 2 3 4 5 6 |  6.8
Polearms       | 1 3 4 5 |  5.2
Air Magic      | 1 3 4 5 |  5.4

Action                     |  1- 3 |  4- 6 |  7- 9 | 10-12 | 13-15 | 16-18 | 19-21 || total
---------------------------+-------+-------+-------+-------+-------+-------+-------++-------
  Melee: Flail             |    62 |       |       |   451 |  1101 |  1094 |   315 ||  3023
         War axe           |    30 |    99 |   363 |    38 |       |       |       ||   530
         Unarmed           |       |       |     2 |       |    20 |       |       ||    22
         Broad axe         |       |       |       |       |    21 |   131 |    36 ||   188
         Lance             |       |       |       |       |       |    25 |       ||    25
   Fire: Heavy crossbow    |       |       |       |       |       |     1 |       ||     1
  Throw: Dart              |       |     3 |    10 |    20 |    41 |   188 |       ||   262
         Boomerang         |       |       |    10 |       |    16 |    60 |     1 ||    87
   Cast: Sticky Flame      |       |       |       |       |     3 |    10 |       ||    13
         Iskenderun's Myst |       |       |       |       |     1 |     4 |     7 ||    12
 Invoke: Slouch            |       |       |       |       |     6 |    24 |     2 ||    32
Ability: Hop               |       |     1 |       |     3 |     5 |     7 |     2 ||    18
  Evoke: Wand              |       |       |       |    11 |     3 |    11 |     1 ||    26
    Use: Scroll            |       |     1 |       |    14 |     8 |    18 |     1 ||    42
         Potion            |       |       |       |     1 |       |     4 |       ||     5
   Stab: Distracted        |       |       |       |       |     1 |       |       ||     1
         Paralysed         |       |       |       |       |       |     2 |       ||     2
         Petrified         |       |       |       |       |       |     3 |       ||     3
         Petrifying        |       |       |       |       |       |     1 |       ||     1
 Armour: Scale mail        |    10 |       |       |       |       |       |       ||    10
         Ring mail         |    36 |    25 |       |       |       |       |       ||    61
         Plate armour      |       |    17 |   232 |   339 |   459 |   469 |    83 ||  1599
  Dodge: Dodged            |    55 |    25 |   124 |   380 |   707 |   785 |   159 ||  2235
  Block: Buckler           |    22 |    22 |    97 |   228 |   326 |       |       ||   695
         Tower shield      |       |       |       |       |   740 |  2514 |   597 ||  3851
         Reflection        |       |       |       |       |       |   151 |     8 ||   159
         Other             |       |       |       |       |       |     2 |       ||     2

Table legend: (Time is in decaauts)
 A = Elapsed time spent in this place.
 B = Non-inter-level travel time spent in this place.
 C = Inter-level travel time spent in this place.
 D = Time resting spent in this place.
 E = Time spent auto-exploring this place.
 F = Levels seen in this place.
 G = Mean time per level.
                   A        B        C        D        E       F      G
               +--------+--------+--------+--------+--------+-----+--------+
         Total |  63742 |  58907 |   4835 |   4490 |  44254 |  35 | 1821.2 |
       Dungeon |  25298 |  23053 |   2245 |   1449 |  18127 |  15 | 1686.5 |
        Temple |     13 |      8 |      5 |      0 |      0 |   1 |   13.0 |
          Lair |  10813 |   9481 |   1332 |    461 |   7681 |   5 | 2162.6 |
        Shoals |   9503 |   9224 |    279 |    698 |   6407 |   4 | 2375.8 |
   Spider Nest |   8824 |   8399 |    425 |   1298 |   5684 |   4 | 2206.0 |
  Orcish Mines |   3119 |   2698 |    421 |    176 |   1873 |   2 | 1559.5 |
        Vaults |   4647 |   4522 |    125 |    234 |   3665 |   2 | 2323.5 |
         Sewer |    868 |    868 |      0 |     74 |    550 |   1 |  868.0 |
       Volcano |    652 |    652 |      0 |     98 |    264 |   1 |  652.0 |
               +--------+--------+--------+--------+--------+-----+--------+

Top non-repeatable levels by time:
    D:10: 2871 daAuts
Vaults:1: 2740 daAuts
Shoals:4: 2735 daAuts
    D:12: 2734 daAuts
  Lair:3: 2708 daAuts
  Lair:5: 2548 daAuts
Spider:4: 2540 daAuts
Shoals:3: 2401 daAuts
Shoals:1: 2326 daAuts
Spider:2: 2300 daAuts
   Orc:2: 2161 daAuts
  Lair:1: 2121 daAuts
    D:11: 2105 daAuts
  Lair:2: 2095 daAuts
    D:15: 2080 daAuts
